 Dungeon Crawl Stone Soup version 0.18-a0-1120-g03bd624 (webtiles) character file.

29 Gorice the Skirmisher (level 3, 0/33 HPs)
             Began as a Ghoul Wanderer on Jan 17, 2016.
             Slain by a hound (5 damage)
             ... on level 1 of the Dungeon.
             The game lasted 00:05:27 (1135 turns).

Gorice the Skirmisher (Ghoul Wanderer)              Turns: 1135, Time: 00:05:27

Health: 0/33       AC:  2    Str: 16    XL:     3   Next: 16%
Magic:  2/2        EV: 12    Int:  6    God:
Gold:   24         SH:  0    Dex:  9    Spells: 0 memorised, 2 levels left

rFire  . . .     SeeInvis .       - Unarmed
rCold  + . .     Gourm    .     e - +0 robe
rNeg   + + +     Faith    .     (no shield)
rPois  ∞         Spirit   .     (no helmet)
rElec  .         Dismiss  .     (no cloak)
rCorr  .         Reflect  .     (no gloves)
SustAt .         Harm     .     (no boots)
MR     .....                    (no amulet)
Stlth  ++........               (no ring)
                                (no ring)

@: rotting, not resistant to hostile enchantments, unstealthy
A: rotting body, claws 1, carnivore 3, cold resistance 1, negative energy
resistance 3, slow regeneration 1, torment resistance, unbreathing
a: no special abilities


You were on level 1 of the Dungeon.
You were not hungry.

You visited 1 branch of the dungeon, and saw 1 of its levels.

You collected 24 gold pieces.

Inventory:

Hand Weapons
 a - a +2 dagger
 c - a +0 falchion
Missiles
 h - 4 needles of slowing
 l - 3 javelins
 Z - 26 stones (quivered)
Armour
 e - a +0 robe (worn)
Scrolls
 b - a scroll of blinking
 d - a scroll of noise {unknown}
 g - a scroll of random uselessness {unknown}
 i - 2 scrolls of identify {unknown}
 k - a scroll of remove curse {unknown}
Potions
 m - a potion of flight {unknown}
Comestibles
 f - a meat ration {!e}
 j - 2 chunks of flesh


   Skills:
 + Level 3.8 Fighting
 - Level 1.0 Long Blades
 - Level 1.7 Dodging
 - Level 2.1 Stealth
   Level 1.0 Shields
 * Level 2.2 Unarmed Combat
   Level 1.0 Evocations


You had 2 spell levels left.
You didn't know any spells.

Dungeon Overview and Level Annotations

Branches:
Dungeon (1/15)

Altars:


Innate Abilities, Weirdness & Mutations

Your body is rotting away.
You thrive on raw meat.
You are immune to poison.
You have sharp fingernails.
You are carnivorous and can eat meat at any time.
Your flesh is cold resistant.
You are immune to negative energy.
You regenerate slowly when monsters are visible.
You are immune to unholy pain and torment.
You can survive without breathing.


Message History

You throw a javelin. The javelin hits the hound.
The hound is lightly wounded.
You scratch the hound.
The hound is moderately wounded.
The hound closely misses you. The hound bites you but does no damage.
You scratch the hound but do no damage.
The hound is moderately wounded.
The hound closely misses you.
You scratch the hound.
The hound is heavily wounded.
The hound bites you but does no damage. The hound bites you.
Damage: 2 (max 2)
You scratch the hound.
The hound is severely wounded.
The hound completely misses you.
You scratch the hound.
The hound is almost dead.
The hound bites you.
Damage: 5 (max 5)
You barely miss the hound.
The hound is almost dead.
The hound bites you. x2
Damage: 5 (max 5)
You miss the hound.
The hound is almost dead.
The hound misses you.
You barely miss the hound.
The hound is almost dead.
The hound bites you. The hound bites you but does no damage.
Damage: 5 (max 5)
You barely miss the hound.
The hound is almost dead.
The hound closely misses you.
You barely miss the hound.
The hound is almost dead.
The hound bites you.
Damage: 5 (max 5)
You closely miss the hound.
The hound is almost dead.
The hound bites you. The hound barely misses you.
Damage: 1 (max 5)
You miss the hound.
The hound is almost dead.
The hound bites you.
* * * LOW HITPOINT WARNING * * *
Damage: 5 (max 5)
You scratch the hound.
The hound is almost dead.
The hound bites you.
You die...

##.# #.#...........# #######.#
...# #.#######.#.### #.# ####
#.# #.#.## #># # #.# #.#..# #.#
######.#######.#..## #.#
.....#.#.......#...# #.#
####...#.#######.#.# ###.#
#....#.######.#.## #...#
####...###.)..(h@...# #.###
#.........##P#####..# #.#
............≈P.≈##..## #.#
#..........≈≈≈≈≈PP...# #÷#
##.....#.#.≈≈♣♣≈≈≈≈P.# #.#
##.#...#.#.≈♣♣♣♣♣PP..# #.#
...#.....#P≈≈♣ ♣P≈P.########.#
..........P≈≈♣♣♣♣≈≈.......)...#
.......###.P≈≈≈♣P≈≈..##########


You could see a hound.

Vanquished Creatures
  An ooze (D:1)
  4 goblins (D:1)
  5 hobgoblins (D:1)
  6 bats (D:1)
  A giant newt (D:1)
  3 kobolds (D:1)
  4 rats (D:1)
24 creatures vanquished.

Notes
Turn   | Place    | Note
--------------------------------------------------------------
     0 | D:1      | Gorice the Ghoul Wanderer began the quest for the Orb.
     0 | D:1      | Gorice set off with: a +2 dagger, a scroll of blinking, a +0 falchion, a potion of curing, a +0 robe, a meat ration {!e}
     0 | D:1      | Reached XP level 1. HP: 19/19 MP: 0/0
   282 | D:1      | Reached skill level 1 in Unarmed Combat
   381 | D:1      | HP: 5/18 [hobgoblin (3)]
   394 | D:1      | HP: 4/19 [goblin (2)]
   468 | D:1      | Reached XP level 2. HP: 6/26 MP: 1/1
   872 | D:1      | Reached skill level 2 in Unarmed Combat
  1016 | D:1      | Reached XP level 3. HP: 33/33 MP: 2/2
  1134 | D:1      | HP: 5/33 [hound (5)]
  1135 | D:1      | Slain by a hound

Vault maps used:
D:1:      minmay_arrival_arboretum_small, minmay_misc_feat_tower,
          serial_bayou_pond_c

Action                   || total
-------------------------++-------
Melee: Unarmed           ||   115
       Dagger            ||     7
Throw: Stone             ||     3
       Javelin           ||     1
  Use: Potion            ||     1
 Stab: Sleeping          ||     4
  Eat: Chunk             ||     8

Table legend:
 A = Turns spent in this place as a percentage of turns spent in the entire game.
 B = Non-inter-level travel turns spent in this place as a percentage of non-inter-level travel turns spent in the entire game.
 C = Inter-level travel turns spent in this place as a percentage of turns spent in this place.
 D = Turns resting spent in this place as a percentage of non-inter-level travel turns spent in this place.
 E = Turns spent auto-exploring this place as a percentage of non-inter-level travel turns spent in this place.
 F = Non-inter-level travel turns spent in this place divided by the number of levels of this place that you've seen.
                   A       B       C       D       E      F
               +-------+-------+-------+-------+-------+----------------------
         Total | 100.0 | 100.0 |   0.0 |   1.6 |   3.9 | 513.0
       Dungeon | 100.0 | 100.0 |   0.0 |   1.6 |   3.9 | 513.0
               +-------+-------+-------+-------+-------+----------------------

Vault maps used:
D:1:      minmay_arrival_arboretum_small, minmay_misc_feat_tower,
          serial_bayou_pond_c
